 Dungeon Crawl Stone Soup version 0.27-a0-637-g3a9f0a9c12 (webtiles) character file.

Game seed: 8559498746988286050

259 jasper the Slasher (level 5, -1/38 HPs)
             Began as a Demonspawn Warper on Mar 14, 2021.
             Slain by a worker ant (4 damage)
             ... on level 4 of the Dungeon.
             The game lasted 00:09:14 (4420 turns).

jasper the Slasher (Demonspawn Warper)              Turns: 4420, Time: 00:09:14

Health: -1/38      AC: 13    Str: 11    XL:     5   Next: 95%
Magic:  2/8        EV: 10    Int: 16    God:
Gold:   270        SH:  0    Dex: 12    Spells: 3/8 levels left

rFire    . . .     SeeInvis .   a - +0 falchion
rCold    . . .     Faith    .   (no shield)
rNeg     . . .     Spirit   .   k - +0 ring mail
rPois    .         Reflect  .   n - +0 helmet
rElec    .         Harm     .   g - +0 cloak
rCorr    .         Rampage  .   (no gloves)
Will     .....                  (no boots)
Stlth    ..........             (no amulet)
HPRegen  0.12/turn              l - +4 ring of protection
MPRegen  0.11/turn              m - ring of wizardry

@: no status effects
A: hooves 1, yellow scales 1, demonic guardian 1
a: no special abilities


You were on level 4 of the Dungeon.
You visited 1 branch of the dungeon, and saw 4 of its levels.

You collected 270 gold pieces.

Inventory:

Hand Weapons
 a - a +0 falchion (weapon)
 o - a +2 short sword of flaming
Missiles
 e - 5 boomerangs of dispersal
 f - 158 stones (quivered)
 t - 49 bolts
Armour
 b - a +0 leather armour
 g - a +0 cloak (worn)
 k - a +0 ring mail (worn)
 n - a +0 helmet (worn)
Jewellery
 i - a ring of ice
 l - a +4 ring of protection (right hand)
 m - a ring of wizardry (left hand)
 r - a ring of magical power
 v - a ring of see invisible
Scrolls
 d - a scroll of blinking
 j - 2 scrolls of amnesia {unknown}
 s - 3 scrolls of enchant armour {unknown}
 u - a scroll of immolation {unknown}
 w - a scroll of enchant weapon {unknown}
 y - a scroll of fear {unknown}
Potions
 c - 2 potions of mutation
 h - a potion of brilliance
 q - a potion of resistance
 x - 2 potions of magic
 z - 2 potions of lignification


   Skills:
 - Level 2.0 Fighting
 + Level 5.7 Long Blades
 - Level 0.8 Throwing
 - Level 0.8 Armour
 - Level 1.7 Dodging
 - Level 2.0 Spellcasting
 - Level 2.6 Translocations


You had 3 spell levels left.
You knew the following spells:

 Your Spells              Type           Power      Damage    Failure   Level
a - Blink                 Tloc           N/A        N/A       11%         2
b - Gell's Gravitas       Tloc           5%         N/A       21%         3

Your spell library contained the following spells:

 Spells                   Type           Power      Damage    Failure   Level
 Magic Dart               Conj           4%         1d3       21%         1
 Lesser Beckoning         Tloc           5%         N/A       21%         3
 Teleport Other           Tloc           10%        N/A       21%         3
 Call Imp                 Summ           1%         N/A       28%         2
 Slow                     Hex            1%         N/A       28%         2
 Conjure Flame            Conj/Fire      1%         6-21      50%         3
 Mephitic Cloud           Conj/Pois/Air  1%         N/A       50%         3
 Manifold Assault         Tloc           10%        N/A       52%         4


Dungeon Overview and Level Annotations

Branches:
Dungeon (4/15)
 Temple: D:4-7

Altars:
The Shining One

Portals:
Ossuary: D:4

Annotations:
D:3 2 runed translucent doors, Crazy Yiuf; hgbash's ghost, amateur FoBr
D:4 Pikel


Innate Abilities, Weirdness & Mutations

You have large cloven feet.
You are partially covered in yellow scales. (AC +2)
A weak demonic guardian rushes to your aid.


Message History

Pikel says, "You'll feel the lick of my whip!"
Pikel hits you but does no damage.
The lemure hits you but does no damage. x2
Your shadow imp hits the lemure but does no damage.
The lemure hits you but does no damage. The worker ant bites your shadow imp.
You barely miss Pikel.
Pikel is moderately wounded.
Pikel barely misses you. The lemure barely misses you.
You riposte.
You hit the lemure.
The lemure is lightly wounded.
The worker ant barely misses your shadow imp.
The lemure barely misses you. The lemure hits you but does no damage.
Your shadow imp hits the worker ant.
You hit Pikel.
Pikel is heavily wounded.
Pikel hits you but does no damage.
The worker ant closely misses your shadow imp.
The lemure hits you but does no damage. x3
Your shadow imp hits the worker ant.
You aren't carrying any items that you can evoke.
Unknown command.
You hit Pikel but do no damage.
Pikel is heavily wounded.
Pikel hits you but does no damage. The worker ant bites your shadow imp.
The lemure hits you but does no damage. x3
Your shadow imp hits the worker ant but does no damage.
Unknown command.
You hit Pikel but do no damage.
Pikel is heavily wounded.
You feel less wooden.
Your +0 cloak unmelds from your body.
Your +0 helmet unmelds from your body.
Your +0 ring mail unmelds from your body.
The worker ant closely misses your shadow imp.
Pikel hits you but does no damage.
The lemure hits you but does no damage. x3
Your shadow imp hits the worker ant but does no damage.
You now have 3/38 hp.
Blink to where?
Press: ? - help, Dir - move target, p - orc
As you read the scroll of blinking, it crumbles to dust.
The worker ant bites you.
You die...

#.....##............
#.....##......>...##
#.....##............
#....)##........>...
#......o............
#.......l...........
#....55#............
#....5.K.##...#.....
#..@B#5#5.....#....
#...รท.....##..# ..
####.#.#..# ..#
#.....## .. #######


You could see Pikel, 4 lemures, an iguana, a worker ant (ally target), an orc
and a friendly shadow imp (summoned).

Vanquished Creatures
  Terence (D:2)
  An iguana (D:4)
  A worker ant (D:3)
  7 adders
  5 worms
  A dart slug (D:3)
  7 leopard geckos
  2 orcs (D:3)
  9 bats
  8 giant cockroaches
  11 goblins
  8 hobgoblins
  4 jackals (D:3)
  15 kobolds
  A quokka (D:3)
  4 frilled lizards
  14 rats
99 creatures vanquished.

Vanquished Creatures (others)
  2 withered plants (D:3)
2 creatures vanquished.

Grand Total: 101 creatures vanquished

Notes
Turn   | Place    | Note
-------+----------+-------------------------------------------
     0 | D:1      | jasper the Demonspawn Warper began the quest for the Orb.
     0 | D:1      | Reached XP level 1. HP: 16/16 MP: 3/3
    18 | D:1      | Reached skill level 2 in Long Blades
   257 | D:1      | Gained mutation: You have large cloven feet. [demonic
                  | ancestry]
   257 | D:1      | Reached XP level 2. HP: 22/22 MP: 5/5
   580 | D:1      | Learned a level 2 spell: Blink
   701 | D:1      | Reached skill level 3 in Long Blades
  1235 | D:2      | Gained mutation: A weak demonic guardian rushes to your
                  | aid. [demonic ancestry]
  1235 | D:2      | Reached XP level 3. HP: 27/27 MP: 6/6
  1697 | D:2      | Reached XP level 4. HP: 24/33 MP: 7/7
  1701 | D:2      | Learned a level 3 spell: Gell's Gravitas
  1720 | D:2      | Reached skill level 4 in Long Blades
  1929 | D:2      | Noticed Terence
  1952 | D:2      | Killed Terence
  2797 | D:3      | Gained mutation: You are partially covered in yellow
                  | scales. (AC +2) [demonic ancestry]
  2797 | D:3      | Reached XP level 5. HP: 37/38 MP: 8/8
  2807 | D:3      | Found a runed translucent door.
  2807 | D:3      | Noticed hgbash's ghost (amateur FoBr)
  3267 | D:3      | Reached skill level 5 in Long Blades
  3829 | D:3      | Found a runed translucent door.
  3830 | D:3      | Noticed Crazy Yiuf
  4024 | D:4      | Found a sand-covered staircase.
  4024 | D:4      | Noticed a lemure
  4024 | D:4      | Noticed a phantom
  4372 | D:4      | Noticed a lemure
  4373 | D:4      | Noticed Pikel
  4373 | D:4      | Noticed a lemure
  4374 | D:4      | Noticed a lemure
  4420 | D:4      | Slain by a worker ant

Illustrated notes

Levels and vault maps discovered:
D:1:      wander_arrival_abandoned_jail, layout_basic
D:2:      layout_basic, minmay_indecisive_spiral, uniq_terence
D:3:      layout_basic, nicolae_tso_swordbearing_angel, gammafunk_ghost_grave,
          gup_sewer_entry_glass, chequers_serial_rivers_micro_d,
          minmay_joined_circles, uniq_crazy_yiuf_cottage
D:4:      layout_rooms, serial_glass, glass_columns_a, glass_columns_a,
          glass_columns_a, enter_ossuary_1, serial_shops, shop,
          nicolae_ru_the_path_less_chosen, uniq_pikel, uniq_purgy

Skill      XL: |  1  2  3  4  5 |
---------------+----------------+-----
Long Blades    | 2 3 4 5 |  5.7
Fighting       | |  2.0
Throwing       | |  0.8
Armour         | |  0.8
Dodging        | |  1.7
Spellcasting   | |  2.0
Translocations | |  2.6

Action                   |  1- 3 |  4- 6 || total
-------------------------+-------+-------++-------
Melee: Falchion          |   106 |   232 ||   338
       Kick              |    17 |    52 ||    69
Throw: Stone             |    55 |   123 ||   178
 Cast: Gell's Gravitas   |       |     2 ||     2
  Use: Scroll            |     2 |     8 ||    10
       Potion            |     1 |     3 ||     4
Armor: Leather armour    |    10 |       ||    10
       Ring mail         |    43 |    95 ||   138
       Skin              |       |   103 ||   103
Dodge: Dodged            |    64 |   112 ||   176
       Rpst.: Falchion   |    19 |    36 ||    55

Table legend: (Time is in decaauts)
 A = Elapsed time spent in this place.
 B = Non-inter-level travel time spent in this place.
 C = Inter-level travel time spent in this place.
 D = Time resting spent in this place.
 E = Time spent auto-exploring this place.
 F = Levels seen in this place.
 G = Mean time per level.
                   A        B        C        D        E       F      G
               +--------+--------+--------+--------+--------+-----+--------+
         Total |   4439 |   4359 |     80 |    564 |   2854 |   4 | 1109.8 |
       Dungeon |   4439 |   4359 |     80 |    564 |   2854 |   4 | 1109.8 |
               +--------+--------+--------+--------+--------+-----+--------+

Top non-repeatable levels by time:
     D:3: 1655 daAuts
     D:2: 1494 daAuts
     D:1: 1169 daAuts
     D:4: 120 daAuts
